 Dungeon Crawl Stone Soup version 0.23-b1-59-g586d0d887c (webtiles) character file.

Game seed: 3567826977457556061

181 McKennaii the Ruffian (level 5, -4/40 HPs)
             Began as a Draconian Transmuter on Feb 4, 2019.
             Slain by a two-headed ogre
             ... wielding a +0 giant club
              (16 damage)
             ... on level 3 of the Dungeon.
             The game lasted 00:03:03 (2381 turns).

McKennaii the Ruffian (Draconian Transmuter)        Turns: 2381, Time: 00:03:04

Health: -4/40      AC:  5    Str: 13    XL:     5   Next: 34%
Magic:  6/9        EV: 12    Int: 14    God:
Gold:   119        SH:  0    Dex: 11    Spells: 6/9 levels left

rFire    . . .     SeeInvis .     - Unarmed
rCold    . . .     Gourm    .   (no shield)
rNeg     . . .     Faith    .   (armour unavailable)
rPois    .         Spirit   .   (helmet restricted)
rElec    .         Reflect  .   (no cloak)
rCorr    .         Harm     .   (no gloves)
MR       .....                  (no boots)
Stlth    +.........             (no amulet)
HPRegen  0.13/turn              (no ring)
MPRegen  0.11/turn              (no ring)

@: no status effects
A: unfitting armour, cold-blooded, AC +5
a: no special abilities


You were on level 3 of the Dungeon.
You were not hungry.

You visited 1 branch of the dungeon, and saw 3 of its levels.

You collected 119 gold pieces.

Inventory:

Missiles
 a - 6 arrows
Scrolls
 b - a scroll of immolation {unknown}
 d - 2 scrolls of identify {unknown}
 e - a scroll of enchant weapon {unknown}
 g - a scroll of magic mapping {unknown}
 h - a scroll of blinking {unknown}
Potions
 i - 3 potions of agility {unknown}
 j - 2 potions of ambrosia {unknown}
 k - a potion of curing {unknown}
Comestibles
 c - 2 rations
 f - a chunk of flesh


   Skills:
 + Level 1.3 Fighting
 + Level 2.7 Dodging
 + Level 0.3 Stealth
 + Level 4.5 Unarmed Combat
 + Level 2.9 Spellcasting
 + Level 2.6 Transmutations


You had 6 spell levels left.
You knew the following spells:

 Your Spells              Type           Power        Failure   Level  Hunger
a - Beastly Appendage     Tmut           #.....       8%          1    #......
b - Sticks to Snakes      Tmut           #.......     11%         2    ##.....

Your spell library contained the following spells:

 Spells                   Type           Power        Failure   Level  Hunger
 Spider Form              Tmut/Pois      #.........   36%         3    ###....
 Ice Form                 Ice/Tmut       #.......     77%         4    #####..
 Blade Hands              Tmut           #.........   90%         5    ######.


Dungeon Overview and Level Annotations

Branches:
Dungeon (3/15)

Altars:
The Shining One


Innate Abilities, Weirdness & Mutations

Your plain brown scales are hard. (AC +5)
You cannot fit into any form of body armour.
You are cold-blooded and may be slowed by cold attacks.


Message History

Your adder bites the two-headed ogre. x2; The two-headed ogre is poisoned.
Your adder poisons the two-headed ogre!
Your adder closely misses the two-headed ogre.
The ball python bites your adder but does no damage.
The ball python misses your adder.
Your adder barely misses the ball python.
The ball python bites your adder.
The ball python barely misses your adder.
Your adder bites the ball python.
The ball python dies!
Casting: Sticks to Snakes (safe; 11% risk of failure)
Confirm with . or Enter, or press ? or * to list all spells.
You create a snake!
You now have 6 arrows.
Your adder barely misses the two-headed ogre.
Your ball python bites the two-headed ogre.
You hit the two-headed ogre but do no damage.
The two-headed ogre is moderately wounded.
The two-headed ogre completely misses you.
The two-headed ogre hits you with a +0 dire flail!
You die...

#.# #.# .. #.#...###.#####.# .#
#.##...#.....[..# #.#
#......#..#####.# #.# #
#.##...#..# ##.## ###.###
#.##..##..# ##...## #.....#
#.##..##..# #.###.#####.....#
#####.##......###.# #............
.....†.......SSO@.###.#####....(.
#####.###.##.#####...## #.....#
#.# #.##.# ##### ###....
#.###.##.# ###)# #........# #)#
##>####### #..# #.# ...## #.#
##.. #.# #..


You could see a two-headed ogre, a friendly adder and a friendly ball python.

Vanquished Creatures
  A worker ant (D:2)
  2 adders (D:2)
  An ooze (D:2)
  A worm (D:2)
  2 leopard geckos
  2 giant cockroaches
  6 goblins
  11 hobgoblins
  9 kobolds
  A quokka (D:2)
  2 ball pythons (D:2)
  4 bats
  2 frilled lizards (D:2)
  6 rats
50 creatures vanquished.

Vanquished Creatures (collateral kills)
  A sky beast (D:2)
  4 gnolls (D:3)
  A ball python (D:3)
6 creatures vanquished.

Grand Total: 56 creatures vanquished

Notes
Turn   | Place    | Note
-------+----------+-------------------------------------------
     0 | D:1      | McKennaii the Draconian Transmuter began the quest for the
                  | Orb.
     0 | D:1      | Reached XP level 1. HP: 16/16 MP: 3/3
   165 | D:1      | Reached XP level 2. HP: 13/23 MP: 5/5
  1183 | D:2      | Reached XP level 3. HP: 26/28 MP: 6/6
  1363 | D:2      | Learned a level 2 spell: Sticks to Snakes
  1390 | D:2      | Noticed a sky beast
  1413 | D:2      | Killed a sky beast
  1413 | D:2      | Reached skill level 4 in Unarmed Combat
  1413 | D:2      | Reached XP level 4. HP: 9/35 MP: 4/8
  1629 | D:2      | Found a glowing golden altar of the Shining One.
  1712 | D:2      | Reached XP level 5. HP: 23/40 MP: 9/9
  2363 | D:3      | Noticed a two-headed ogre
  2381 | D:3      | Slain by a two-headed ogre

Skill      XL: |  1  2  3 |
---------------+----------+-----
Dodging        | 2 |  2.7
Unarmed Combat | 4 |  4.5
Fighting       | |  1.3
Stealth        | |  0.3
Spellcasting   | |  2.9
Transmutations | |  2.6

Action                   |  1- 3 |  4- 6 || total
-------------------------+-------+-------++-------
Melee: Unarmed           |   155 |    54 ||   209
       Tailslap          |     7 |     5 ||    12
       Headbutt          |     6 |       ||     6
       Kick              |     2 |       ||     2
       Punch             |     1 |     1 ||     2
 Cast: Beastly Appendage |     7 |       ||     7
       Sticks to Snakes  |     1 |     5 ||     6
  Eat: Chunk             |     2 |     3 ||     5
Armor: Skin              |    51 |     7 ||    58
Dodge: Dodged            |    97 |    32 ||   129
